 Dungeon Crawl Stone Soup version 0.28-a0-1236-gb25a51b929 (webtiles) character file.

Game seed: 1605704836791284805

93 torgal the Ogre Mage (level 4, -1/39 HPs)
             Began as an Ogre Fire Elementalist on Dec 26, 2021.
             Slain by an orc wizard (4 damage)
             ... on level 3 of the Dungeon.
             The game lasted 00:14:40 (3690 turns).

torgal the Ogre Mage (Ogre Fire Elementalist)       Turns: 3690, Time: 00:14:41

Health: -1/39      AC:  5    Str: 11 (12) XL:     4   Next: 62%
Magic:  5/8        EV:  9    Int: 16 (18) God:
Gold:   43         SH:  0    Dex:  7 (9)  Spells: 2/9 levels left

rFire   . . .      SeeInvis .   e - +0 short sword
rCold   . . .      Faith    .   (no shield)
rNeg    . . .      Spirit   .   a - +2 robe
rPois   .          Reflect  .   (helmet restricted)
rElec   .          Harm     .   (no cloak)
rCorr   .          Rampage  .   (gloves unavailable)
Will    .....                   (boots unavailable)
Stlth   +.........              (no amulet)
HPRegen 0.13/turn               (no ring)
MPRegen 0.11/turn               (no ring)

@: confused
A: large, unfitting armour, tough skin 1
a: no special abilities


You were on level 3 of the Dungeon.
You visited 1 branch of the dungeon, and saw 4 of its levels.

You collected 147 gold pieces.
You spent 104 gold pieces at shops.

Inventory:

Hand Weapons
 d - a +0 dagger
 e - a +0 short sword (weapon)
Missiles
 c - 118 stones
 f - 15 sling bullets
Armour
 a - a +2 robe (worn)
 b - a +0 pair of gloves
Magical Staves
 g - a staff of air
Scrolls
 h - 3 scrolls of identify
 l - a scroll of blinking
Potions
 m - a potion of attraction


   Skills:
 + Level 0.4 Short Blades
 + Level 2.4 Dodging
 - Level 1.9 Stealth
 + Level 3.2 Spellcasting
 + Level 1.6 Conjurations
 + Level 3.2 Fire Magic
 + Level 0.2 Evocations


You had 2 spell levels left.
You knew the following spells:

 Your Spells              Type           Power      Damage    Failure   Level
a - Foxfire               Conj/Fire      40%        2x1d6     7%          1
b - Scorch                Fire           24%        2d6       8%          2
c - Flame Wave            Conj/Fire      10%        2d5       54%         4

Your spell library contained the following spells:

 Spells                   Type           Power      Damage    Failure   Level
 Conjure Flame            Conj/Fire      10%        6-21      21%         3
 Inner Flame              Hex/Fire       7%         N/A       28%         3


Dungeon Overview and Level Annotations

Branches:
Dungeon (4/15)
 Temple: D:4-7

Altars:

Shops:
D:3 *

Annotations:
D:4 Duvessa


Innate Abilities, Weirdness & Mutations

You are too large for most types of armour.
You have tough skin. (AC +1)


Message History

You feel less confused. The orc hits you with a +0 dagger.
Something hits you but does no damage.
The orc wizard hits you but does no damage.
You closely miss the orc wizard.
The orc wizard is severely wounded.
The orc barely misses you. Something hits you.
The orc wizard points at you and mumbles some strange words.
You are confused.
You barely miss something. The orc hits you with a +0 dagger.
Something hits you but does no damage.
The orc wizard hits you with a +0 dagger.
The orc hits you but does no damage.
You completely miss the orc wizard.
The orc wizard is severely wounded.
You hear some strange, mumbled words.
You are more confused.
The orc wizard barely misses you. The orc closely misses you.
You are too confused!
Okay, then.
You hit the orc wizard.
The orc wizard is almost dead.
Something hits you but does no damage. The orc wizard closely misses you.
The orc hits you with a +0 dagger.
You bump into the rock wall.
Something hits you but does no damage. The orc wizard casts a spell at you.
The magic dart hits you.
* * * LOW HITPOINT WARNING * * *
The orc hits you but does no damage.
You barely miss something. Something hits you but does no damage.
The orc wizard hits you with a +0 dagger.
* * * LOW HITPOINT WARNING * * *
The orc closely misses you.
You miss the orc wizard.
The orc wizard is almost dead.
Something hits you.
* * * LOW HITPOINT WARNING * * *
The orc wizard points at you and mumbles some strange words.
You are more confused.
The orc hits you but does no damage. Something hits you.
You die...

#.##.#.P≈≈≈♣≈P.[####
#.......≈♣≈≈≈♣......
####.#♣..♣♣≈≈...####
#...##..P♣≈♣.#.#
#.#####P.....#.# #.#
#........# #####.# ##P..#.###
#....{######.###.#
##'##.o@o.....# #.#
##...#########.# #.# ##.....##
#.# #.# ##.8...8.## #.###.#
##.#.....#.## #.##..#
###...8...8...#####.##..#
#.'...........'.....##..######
#.#...8...8...########........
#.##.#.....#.## #.#######


You could see an orc wizard and an orc.

Vanquished Creatures
  An orc wizard (D:3)
  2 adders
  2 orcs (D:3)
  7 endoplasms
  4 giant cockroaches
  3 goblins
  3 hobgoblins
  6 kobolds
  2 quokkas (D:3)
  5 ball pythons
  3 bats (D:1)
  A frilled lizard (D:2)
  6 rats
45 creatures vanquished.

Vanquished Creatures (others)
  41 foxfires
41 creatures vanquished.

Grand Total: 86 creatures vanquished

Notes
Turn   | Place    | Note
-------+----------+-------------------------------------------
     0 | D:1      | torgal the Ogre Fire Elementalist began the quest for the
                  | Orb.
     0 | D:1      | Reached XP level 1. HP: 16/16 MP: 3/3
   297 | D:1      | Reached skill level 1 in Conjurations
   538 | D:1      | Reached XP level 2. HP: 11/24 MP: 5/5
   545 | D:1      | Learned a level 2 spell: Scorch
  1905 | D:2      | Found a faded altar of an unknown god.
  1917 | D:2      | Reached XP level 3. HP: 30/31 MP: 1/7
  3066 | D:3      | Found Qiczam's Assorted Antiques.
  3071 | D:3      | Bought a scroll of identify for 52 gold pieces
  3071 | D:3      | Bought a scroll of identify for 52 gold pieces
  3098 | D:3      | Reached XP level 4. HP: 39/39 MP: 5/8
  3103 | D:3      | Learned a level 4 spell: Flame Wave
  3371 | D:4      | Noticed Duvessa
  3690 | D:3      | Slain by an orc wizard

Illustrated notes

Levels and vault maps discovered:
D:1:      psy_arrival_conway, layout_loops_corners, corexii_leaking_fountain
D:2:      layout_loops_ring, dreamdust_ecumenical_altar_grove
D:3:      layout_loops_ring, serial_shops, shop, dk_noncrumbling_2,
          serial_bayou_pond_a, dk_noncrumbling_3
D:4:      layout_layer_cave, nicolae_elevator_lobby_plus, uniq_duvessa

Skill      XL: |  1  2  3 |
---------------+----------+-----
Conjurations   | 1 |  1.6
Dodging        | 2 |  2.4
Fire Magic     | 3 |  3.2
Spellcasting   | 3 |  3.2
Short Blades   | |  0.4
Stealth        | |  1.9
Evocations     | |  0.2

Action                   |  1- 3 |  4- 6 || total
-------------------------+-------+-------++-------
Melee: Unarmed           |    46 |       ||    46
       Short sword       |    25 |    15 ||    40
 Cast: Foxfire           |    14 |     8 ||    22
       Scorch            |    25 |     5 ||    30
  Use: Scroll            |     3 |     1 ||     4
       Potion            |     2 |     5 ||     7
 Stab: Sleeping          |     2 |       ||     2
Armor: Robe              |    32 |    18 ||    50
Dodge: Dodged            |    39 |    19 ||    58

Table legend: (Time is in decaauts)
 A = Elapsed time spent in this place.
 B = Non-inter-level travel time spent in this place.
 C = Inter-level travel time spent in this place.
 D = Time resting spent in this place.
 E = Time spent auto-exploring this place.
 F = Levels seen in this place.
 G = Mean time per level.
                   A        B        C        D        E       F      G
               +--------+--------+--------+--------+--------+-----+--------+
         Total |   3699 |   3584 |    115 |    283 |   2775 |   4 |  924.8 |
       Dungeon |   3699 |   3584 |    115 |    283 |   2775 |   4 |  924.8 |
               +--------+--------+--------+--------+--------+-----+--------+

Top non-repeatable levels by time:
     D:1: 1550 daAuts
     D:3: 1351 daAuts
     D:2: 762 daAuts
     D:4: 35 daAuts
